 Dungeon Crawl Stone Soup version 0.30-a0-586-g23e55c9e0a (webtiles) character file.

Game seed: 10876987680230171471

1774944 freelancePsychic the Metallomancer (level 27, 233/233 HPs)
             Began as a Demonspawn Conjurer on Jan 3, 2023.
             Was the Champion of Vehumet.
             Escaped with the Orb
             ... and 3 runes!
             The game lasted 02:29:41 (65501 turns).

freelancePsychic the Metallomancer (DsCj)          Turns: 65501, Time: 02:29:42

Health: 233/233    AC: 27    Str:  6    XL:     27
Magic:  45/45      EV: 19    Int: 37    God:    Vehumet [******]
Gold:   5520       SH: 19    Dex: 18    Spells: 26/63 levels left

rFire   + . .      SeeInvis .    b - staff of earth
rCold   + + +      Faith    .    N - +5 kite shield {AC+3}
rNeg    . . .      Spirit   .    U - +4 troll leather armour
rPois   .          Reflect  .    C - +2 helmet
rElec   +          Harm     .    G - +2 cloak {Will+}
rCorr   +          Rampage  +    (gloves unavailable)
Will    ++++.                    u - +2 pair of boots of a bazaar {Rampage Str-4 Dex+6 Slay+3}
Stlth   +                        B - amulet of magic regeneration
HPRegen 1.38/turn                c - ring "Quehoxo" {rF+ Will+ Int+8}
MPRegen 0.69/turn                O - ring of the Cast Vote {rC+++ rCorr Str-2 Slay+2}

@: studying 2 skills
A: thin metallic scales 3, ignite blood 3, powered by death 3, black mark,
bedeviling, aura of silence, demonic touch 3, talons 1, cold resistance 1,
screaming 1
0: Orb of Zot
}: 3/15 runes: barnacled, silver, gossamer
a: Renounce Religion


You escaped.
You worshipped Vehumet.
Vehumet was exalted by your worship.
You visited 11 branches of the dungeon, and saw 51 of its levels.
You also visited: Gauntlet and Wizlab.

You collected 11618 gold pieces.
You spent 6098 gold pieces at shops.

Inventory:

Hand Weapons
 a - a +4 dagger of venom
Missiles
 o - 4 throwing nets
Armour
 u - the +2 pair of boots of a bazaar (worn) {Rampage Str-4 Dex+6 Slay+3}
   (You found it in a Gauntlet)

   Str:       It affects your strength (-4).
   Dex:       It affects your dexterity (+6).
   Slay:      It affects your accuracy & damage with ranged weapons and melee
   (+3).
   Rampage:   It bestows one free step when moving towards enemies.
 C - a +2 helmet (worn)
 F - a +3 buckler of protection
 G - a +2 cloak of willpower (worn)
 N - a +5 kite shield of protection (worn)
 U - a +4 troll leather armour (worn)
Magical Staves
 b - a staff of earth (weapon)
Jewellery
 c - the ring "Quehoxo" (left hand) {rF+ Will+ Int+8}
   (You took it off a spriggan berserker on level 3 of the Depths)

   [ring of protection from fire]

   Int:       It affects your intelligence (+8).
   rF:        It protects you from fire.
   Will:      It increases your willpower.
 A - the ring "Felob" {rF+ Int+3 Dex+4}
   (You took it off a vault sentinel on level 5 of the Vaults)

   [ring of protection from fire]

   Int:       It affects your intelligence (+3).
   Dex:       It affects your dexterity (+4).
   rF:        It protects you from fire.
 B - an amulet of magic regeneration (around neck)
 O - the ring of the Cast Vote (right hand) {rC+++ rCorr Str-2 Slay+2}
   (You acquired it on level 2 of the Lair of Beasts)

   [ring of resist corrosion]

   Str:       It affects your strength (-2).
   Slay:      It affects your accuracy & damage with ranged weapons and melee
   (+2).
   rC:        It renders you almost immune to cold.
   rCorr:     It protects you from acid and corrosion.
 W - the ring "Viskurr" {rElec rPois rC+}
   (You found it on level 5 of the Lair of Beasts)

   [ring of poison resistance]

   rC:        It protects you from cold.
   rElec:     It insulates you from electricity.
   rPois:     It protects you from poison.
Wands
 j - a wand of flame (83)
 q - a wand of digging (27)
 v - a wand of mindburst (41)
 w - a wand of paralysis (31)
 E - a wand of roots (28)
 M - a wand of acid (34)
 S - a wand of polymorph (11)
Scrolls
 h - 5 scrolls of amnesia
 i - 8 scrolls of fog
 k - 10 scrolls of immolation
 m - 8 scrolls of noise
 r - 10 scrolls of magic mapping
 s - 3 scrolls of blinking
 y - 16 scrolls of teleportation {@r4}
 H - 3 scrolls of brand weapon
 I - 2 scrolls of enchant weapon
 Q - 4 scrolls of poison
 R - 3 scrolls of vulnerability
 X - 14 scrolls of fear
Potions
 d - 7 potions of lignification
 e - 7 potions of attraction
 f - 12 potions of cancellation
 g - 4 potions of heal wounds {@q2}
 l - 28 potions of degeneration
 n - 8 potions of flight
 t - 12 potions of ambrosia
 x - 4 potions of haste {@q3}
 z - 20 potions of curing {@q1}
 J - 5 potions of brilliance
 K - 12 potions of might
 L - 6 potions of magic
 P - 2 potions of mutation
 V - 2 potions of resistance
Miscellaneous
 p - a condenser vane
 D - a lightning rod (4/4)
 Y - a tin of tremorstones (2/2)
 Z - a phial of floods


   Skills:
 + Level 22.7 Fighting
 - Level 3.3 Short Blades
 - Level 6.4 Staves
 - Level 9.5 Armour
 - Level 15.0 Dodging
 - Level 4.0 Stealth
 - Level 15.0 Shields
 + Level 18.7 Spellcasting
 - Level 15.0 Conjurations
 - Level 6.0 Hexes
 - Level 5.0 Translocations
 - Level 8.0 Transmutations
 - Level 3.0 Fire Magic
 - Level 24.5 Earth Magic
 - Level 8.8 Poison Magic
 - Level 11.1 Evocations


You had 26 spell levels left.
You knew the following spells:

 Your Spells              Type           Power      Damage    Failure   Level
a - Iron Shot             Conj/Erth      67%        9d12      1%          6
b - Iskenderun's Mystic   Conj/Tloc      83%        2d16      1%          4
c - Ignite Poison         Fire/Tmut/Pois 70%        N/A       1%          3
d - Olgreb's Toxic Radia  Pois           79%        N/A       1%          4
e - Shatter               Erth           72%        3d53*     2%          9
f - Statue Form           Tmut/Erth      82%        N/A       1%          6
h - Irradiate             Conj/Tmut      44%        3d26      1%          5

Your spell library contained the following spells:

 Spells                   Type           Power      Damage    Failure   Level
 Lehudib's Crystal Spear  Conj/Erth      67%        10d15     1%          8
 Fire Storm               Conj/Fire      39%        8d10      100%        9
 Magic Dart               Conj           100%       1d8       0%          1
 Sandblast                Erth           100%       2d20      0%          1
 Passwall                 Tmut/Erth      100%       N/A       0%          2
 Searing Ray              Conj           100%       2d8       0%          2
 Stone Arrow              Conj/Erth      100%       3d13      0%          3
 Foxfire                  Conj/Fire      100%       2x1d9     1%          1
 Freeze                   Ice            100%       1d10      1%          1
 Kiss of Death            Conj/Necr      100%       2d13      1%          1
 Shock                    Conj/Air       100%       1d9       1%          1
 Sting                    Tmut/Pois      100%       1d8       1%          1
 Blink                    Tloc           100%       N/A       1%          2
 Cigotuvi's Dreadful Rot  Necr/Pois/Air  100%       N/A       1%          2
 Ensorcelled Hibernation  Hex/Ice        100%       N/A       1%          2
 Momentum Strike          Conj/Tloc      100%       3d10      1%          2
 Poisonous Vapours        Pois/Air       100%       N/A       1%          2
 Confusing Touch          Hex            87%        N/A       1%          3
 Dazzling Flash           Conj/Hex       100%       N/A       1%          3
 Frozen Ramparts          Ice            68%        1d11      1%          3
 Gell's Gravitas          Tloc           64%        N/A       1%          3
 Hailstorm                Conj/Ice       74%        3d15      1%          3
 Inner Flame              Hex/Fire       80%        N/A       1%          3
 Kindle Blastsparks       Fire/Tloc/Air  100%       2d18      1%          3
 Lesser Beckoning         Tloc           100%       N/A       1%          3
 Mephitic Cloud           Conj/Pois/Air  75%        N/A       1%          3
 Portal Projectile        Hex/Tloc       100%       N/A       1%          3
 Spider Form              Tmut/Pois      77%        N/A       1%          3
 Summon Guardian Golem    Hex/Summ       71%        N/A       1%          3
 Teleport Other           Tloc           64%        N/A       1%          3
 Tukima's Dance           Hex            87%        N/A       1%          3
 Animate Armour           Summ/Erth      100%       N/A       1%          4
 Cause Fear               Hex            43%        N/A       1%          4
 Fulminant Prism          Conj/Hex       53%        3d23      1%          4
 Leda's Liquefaction      Hex/Erth       73%        N/A       1%          4
 Petrify                  Tmut/Erth      100%       N/A       1%          4
 Sticky Flame             Conj/Fire      79%        2d9       1%          4
 Arcjolt                  Conj/Air       37%        1d47      1%          5
 Fireball                 Conj/Fire      39%        3d16      1%          5
 Iskenderun's Battlesphe  Conj           98%        2d14      1%          5
 Orb of Destruction       Conj           49%        9d13      1%          7
 Necrotise                Necr           100%       1d9       2%          1
 Vhi's Electric Charge    Tloc/Air       100%       N/A       2%          3
 Manifold Assault         Tloc           64%        N/A       2%          4
 Blade Hands              Tmut           38%        N/A       2%          5
 Freezing Cloud           Conj/Ice/Air   32%        6-21      2%          5
 Starburst                Conj/Fire      39%        6d11      2%          6
 Sublimation of Blood     Necr           34%        N/A       3%          2
 Ice Form                 Ice/Tmut       59%        N/A       4%          4
 Conjure Ball Lightning   Conj/Air       37%        3x3d13    4%          6
 Airstrike                Air            17%        2d(3-19)  6%          4
 Anguish                  Hex/Necr       35%        N/A       6%          4
 Call Canine Familiar     Summ           34%        N/A       7%          3
 Ozocubu's Armour         Ice            34%        N/A       7%          3
 Swiftness                Air            34%        N/A       7%          3
 Vampiric Draining        Necr           34%        2d8       7%          3
 Metabolic Englaciation   Hex/Ice        35%        N/A       19%         5
 Silence                  Hex/Air        35%        N/A       19%         5
 Animate Dead             Necr           34%        N/A       22%         4
 Dispel Undead            Necr           34%        3d15      22%         4
 Summon Lightning Spire   Summ/Air       34%        N/A       22%         4
 Spellforged Servitor     Conj/Summ      37%        N/A       22%         7
 Agony                    Necr           34%        N/A       52%         5
 Dragon Form              Tmut           38%        N/A       56%         7
 Simulacrum               Ice/Necr       17%        N/A       98%         6
 Ozocubu's Refrigeration  Ice            17%        4d11      98%         7
 Storm Form               Tmut/Air       29%        N/A       98%         7
 Haunt                    Necr/Summ      17%        N/A       100%        7
 Borgnjor's Revivificati  Necr           17%        N/A       100%        8
 Discord                  Hex            43%        N/A       100%        8
 Ignition                 Fire           27%        3d9       100%        8
 Infestation              Necr           17%        N/A       100%        8
 Maxwell's Capacitive Co  Air            17%        ∞         100%        8
 Necromutation            Tmut/Necr      29%        N/A       100%        8
 Death's Door             Necr           17%        N/A       100%        9
 Polar Vortex             Ice            17%        N/A       100%        9


Dungeon Overview and Level Annotations

Branches:
Dungeon (15/15)            Temple (1/1) D:4            Lair (5/5) D:9
 Shoals (4/4) Lair:2       Spider (4/4) Lair:2        Slime (0/5) Lair:4
    Orc (2/2) D:9             Elf (3/3) Orc:2        Vaults (5/5) D:14
  Crypt (3/3) Vaults:2       Tomb (0/3) Crypt:3      Depths (4/4) D:15
    Zot (5/5) Depths:4     WizLab (visited)         Gauntlet (visited)

Altars:
Ashenzari
Cheibriados
Dithmenos
Fedhas
Gozag
Hepliaklqana
Kikubaaqudgha
Makhleb
Nemelex Xobeh
Okawaru
Qazlal
Ru
Sif Muna
Trog
Uskayaw
Vehumet
Wu Jian
Xom
Yredelemnul
Jiyva
Lugonu

Shops:
D:7 *   D:9 *   D:15 ?   Orc:2 *[[**:   Elf:1 ::=*   Shoals:3 *   Vaults:4 (

Portals:
Hell: Depths:1 Depths:2 Depths:3 Depths:4
Abyss: Depths:1 Depths:3 Depths:4
Pandemonium: Depths:2 Depths:3
Ziggurat: Depths:2

Annotations:
D:4 bande's ghost, amateur GrFi
D:7 3 runed translucent doors, soul19's ghost, novice DsFi
D:8 Erica
Lair:4 exclusion: oklob plant
Shoals:3 Crabhammer's ghost, adept BaIE
Elf:2 3 runed translucent doors
Elf:3 2 exclusions
Zot:1 3 runed translucent doors, Zaets's ghost, veteran SpEn


Innate Abilities, Weirdness & Mutations

You are completely covered in thin metallic scales. (AC +4, rElec)
Your demonic aura causes all spilled blood to erupt in flames.
You regenerate a lot of health from kills.
Your melee attacks may debilitate your foes.
Your hexes are more powerful.
You are surrounded by an aura of silence.
Your touch may irresistibly damage your foes and sap their willpower.
You have sharp toenails.
Your flesh is cold resistant. (rC+)
You occasionally shout uncontrollably at your foes.


Message History

There is a stone staircase leading up here.
You climb upwards.
Level annotation: 3 runed translucent doors, soul19's ghost, novice DsFi
There is a stone staircase leading down here.
Things that are here:
a +0 robe; a +3 great sword
There is a stone staircase leading up, spattered with blood here.
You climb upwards.
There is a stone staircase leading down here.
There is a stone staircase leading up here.
You climb upwards.
There is a stone staircase leading down here.
There is a stone staircase leading up here.
You climb upwards.
Level annotation: bande's ghost, amateur GrFi
There is a stone staircase leading down here.
There is a stone staircase leading up here.
You climb upwards.
There is a stone staircase leading down here.
The gnoll shouts!
There is an open door here.
You feel a surge of power!
The iron shot hits the gnoll!!!!
You kill the gnoll!
Vehumet accepts your kill.
You feel your power returning.
(D) Dungeon (T) Temple (L) Lair (A) Shoals (N) Spider Nest (M) Slime Pits (O) Orcish Mines (E) Elven Halls (V) Vaults (C) Crypt (W) Tomb (U) Depths (H) Hell (Z) Zot
Where to? (Enter - D:1 @ (x,y), ? - help) Magic restored.
There is a stone staircase leading up here.
You climb upwards.
There is a stone staircase leading down here.
There is an open door here.
There is a stone staircase leading up, spattered with blood here.
You climb upwards.
There is a stone staircase leading down, spattered with blood here.
There is a staircase leading out of the dungeon here.
You have escaped!

#.#####.#.#
#.......####..# #.# #....#
#.............# #.# #..###
#.#.########.### #.#
#..#########.#.# #....
#.####............#.#
#####
#..........##.#####.#
##.####.###.##..####.###
.#.# #................#
.#># #.##..##>#@#..##.#
.#.####.....###.##.....#
........##.## #####.##.#
##.####.>### ###>.# ...#
#.##.##### ##.##.#########
####
#.....##.###.............#
#
#.##..#.#>##..##.#######.#
#######................###
#.#
.......########..........#
#.#


There were no monsters in sight!

Vanquished Creatures
  7 dread liches
  Tiamat (Zot:1)
  Mara (Spider:4)
  7 orbs of fire
  5 ancient liches (Zot:5)
  A juggernaut (Depths:4)
  Saint Roka (Depths:4)
  3 Killer Klowns (Zot:5)
  2 shard shrikes (Zot:4)
  Vv (Depths:2)
  Margery (Vaults:1)
  2 curse toes (Zot:3)
  6 caustic shrikes
  12 golden dragons
  Nikola (Vaults:2)
  2 bone dragons
  A hellephant (Depths:1)
  3 electric golems
  Jorgrun (Orc:2)
  15 tentacled monstrosities
  A Hell Sentinel (Zot:5)
  25 Orb Guardians (Zot:5)
  A walking crystal tome (Depths:3)
  A walking earthen tome (Depths:2)
  7 liches
  Asterion (Spider:2)
  A shard shrike skeleton (Crypt:2)
  6 titans (Vaults:5)
  4 quicksilver dragons
  7 death cobs
  6 shadow dragons
  3 ancient champions
  6 tengu reavers
  9 sphinxes
  17 storm dragons
  Donald (Vaults:1)
  A revenant (Crypt:2)
  10 fire giants
  A nagaraja (WizLab)
  Aizul (Spider:3)
  4 frost giants
  7 draconian monks
  6 deep elf sorcerers
  3 draconian knights
  4 iron dragons
  20 vault wardens
  9 draconian scorchers
  11 ghouls
  2 angels
  8 ghost moths
  2 curse skulls
  3 emperor scorpions (Spider:4)
  A caustic shrike zombie (Crypt:2)
  2 deep elf elementalists (Elf:2)
  2 orc warlords
  A juggernaut zombie (Depths:1)
  4 draconian shifters
  4 draconian stormcallers
  16 ironbound preservers
  4 demonspawn corrupters (WizLab)
  3 draconian annihilators
  2 war gargoyles (Vaults:5)
  2 broodmothers
  A caustic shrike skeleton (Crypt:3)
  4 spriggan defenders
  20 stone giants
  A broodmother (shapeshifter) (Vaults:5)
  41 very ugly things
  4 reapers
  20 vampire knights
  4 ironbound thunderhulks
  Azrael (Spider:3)
  2 deep elf demonologists
  13 green draconians
  10 black draconians
  10 purple draconians
  2 deep elf annihilators
  20 dire elephants
  A minotaur (Gauntlet)
  13 red draconians
  16 white draconians
  12 yellow draconians
  8 spark wasps
  4 eidola (Crypt:2)
  3 merfolk javelineers
  Josephine (Shoals:1)
  4 deep elf death magi
  13 ettins
  10 jiangshi
  9 merfolk impalers
  8 fire dragons
  4 entropy weavers
  2 deep elf high priests (WizLab)
  A great orb of eyes (shapeshifter) (Vaults:1)
  10 yaktaur captains
  4 rakshasas
  9 great orbs of eyes
  10 ice dragons
  3 hydras
  3 spriggan zombies
  Erolcha (Orc:1)
  8 ironbound frosthearts
  3 quicksilver dragon skeletons
  2 jorogumos
  34 vault guards
  3 catoblepae
  A hell beast (Depths:2)
  14 centaur warriors
  5 satyrs
  2 merfolk avatars
  6 spriggan air magi
  2 alligator snapping turtles
  A juggernaut simulacrum (Crypt:1)
  An Orb Guardian zombie (Crypt:2)
  4 death knights
  6 boulder beetles
  3 radroaches
  13 dancing weapons
  4 ogre magi
  7 merfolk aquamancers
  A hell hog (Depths:2)
  5 two-headed ogres
  8 tengu warriors
  4 death yaks
  A titan zombie (Crypt:1)
  8 deep troll earth magi
  7 deep troll shamans
  9 spriggan berserkers
  An orc high priest (Orc:2)
  20 vampire magi
  24 hell knights
  Urug (D:14)
  4 spriggans (Depths:2)
  2 storm dragon zombies (Crypt:3)
  10 deep elf knights
  5 soul eaters
  A wretched star (Gauntlet)
  A sun demon (Depths:3)
  6 iron trolls
  7 pharaoh ants
  4 shadow wraiths
  A fire crab (shapeshifter) (Elf:2)
  A bunyip zombie (Crypt:3)
  2 sun moths
  A salamander mystic (Depths:3)
  29 skeletal warriors
  17 sea snakes
  An anaconda zombie (Crypt:3)
  4 bog bodies (Crypt:3)
  2 golden dragon zombies (Crypt:3)
  4 glowing orange brains
  53 deep trolls
  13 orb spiders
  14 wizards
  A golden dragon skeleton (Crypt:1)
  3 iron dragon zombies
  An orange crystal statue (Vaults:4)
  12 necromancers
  17 phantasmal warriors
  4 deep elf archers
  11 lindwurms
  10 orc knights
  9 flayed ghosts
  A kraken simulacrum (Shoals:4)
  Pikel (D:8)
  14 ironbound convokers
  6 deep elf zephyrmancers
  13 deep elf pyromancers
  7 steelbarb worms
  26 harpies
  20 wolf spiders
  48 ugly things
  A glowing shapeshifter (Vaults:5)
  13 cyclopes
  14 manticores
  8 orc sorcerers
  An eleionoma zombie (Crypt:1)
  A salamander (shapeshifter) (Vaults:5)
  2 worldbinders (WizLab)
  2 frost giant zombies
  A centaur zombie (Crypt:3)
  2 salamanders (Depths:3)
  14 fauns
  A spectral centaur (Crypt:2)
  2 goliath frog skeletons
  A dire elephant zombie (Crypt:3)
  14 elephants (Lair:5)
  23 moths of wrath
  Maurice (D:8)
  3 black mambas
  14 merfolk sirens
  11 water nymphs
  19 cane toads
  15 vault sentinels
  A titan simulacrum (Depths:1)
  An orange demon (D:12)
  A smoke demon (Depths:3)
  A frost giant skeleton (Depths:1)
  A dire elephant skeleton (Crypt:1)
  A torpor snail (shapeshifter) (Vaults:5)
  14 demonic crawlers
  2 torpor snails (Spider:4)
  A hellion (Depths:3)
  An unseen horror (D:11)
  A grey draconian zombie (Crypt:3)
  19 yaktaurs
  4 kobold demonologists
  4 rime drakes
  A komodo dragon (shapeshifter) (Elf:2)
  5 komodo dragons
  3 tengu conjurers
  A green draconian skeleton (Crypt:1)
  4 freezing wraiths
  An unseen horror skeleton (Crypt:3)
  2 harpy zombies
  42 merfolk
  8 polar bears
  A hellwing (Zot:4)
  12 meliai
  10 hornets
  10 wind drakes
  A harpy skeleton (Crypt:1)
  7 trolls
  A hornet (shapeshifter) (Elf:2)
  A blink frog (shapeshifter) (D:14)
  24 tarantellas
  An ettin zombie (Crypt:3)
  24 dream sheep
  12 blink frogs (Lair:5)
  A radroach zombie (Crypt:1)
  24 jumping spiders
  11 snapping turtles
  23 culicivoras
  24 slime creatures
  4 centaur simulacra
  2 spriggans (shapeshifter)
  7 fire dragon skeletons (Crypt:1)
  67 yaks
  3 air elementals
  A spriggan skeleton (Depths:1)
  21 water elementals
  15 wraiths
  18 vampires (Crypt:3)
  7 wyverns
  A neqoxec (Gauntlet)
  6 golden eyes (WizLab)
  Grum (D:8)
  2 fire elementals
  4 vampire mosquitoes (D:11)
  16 humans (D:14)
  4 basilisks
  64 redbacks
  A chaos spawn (Zot:5)
  6 wargs
  A swamp worm (shapeshifter) (Vaults:5)
  An acid dragon (D:9)
  3 swamp worms (Gauntlet)
  An acid dragon (shapeshifter) (Vaults:5)
  A demonspawn skeleton (Crypt:3)
  A floating eye (shapeshifter) (Depths:1)
  20 water moccasins
  A sky beast (D:5)
  4 hell hounds (Spider:3)
  A merfolk skeleton (Crypt:2)
  A meliai simulacrum (Gauntlet)
  6 ice beasts
  31 orc warriors
  2 swamp dragon zombies
  3 black bears
  9 boggarts
  An ettin simulacrum (Crypt:1)
  27 wolves
  11 ogres
  5 centaurs
  A swamp dragon skeleton (Crypt:2)
  A lemure (D:8)
  2 phantoms (D:5)
  2 small abominations (Gauntlet)
  2 kobold brigands
  7 bullfrogs
  8 necrophages
  A draconian skeleton (Crypt:2)
  7 scorpions
  A wyvern zombie (Crypt:2)
  3 earth elementals
  A salamander skeleton (Crypt:2)
  A wyvern skeleton (Crypt:3)
  20 wights
  A hornet simulacrum (Gauntlet)
  5 killer bees (D:11)
  A polar bear skeleton (Crypt:1)
  6 howler monkeys
  3 electric eels (D:7)
  3 jellies
  A hound (D:4)
  A gnoll bouda (D:5)
  20 orc priests
  2 centaur skeletons
  2 iguanas (D:4)
  27 orc wizards
  5 hell rats (Lair:3)
  An acid dragon zombie (Crypt:1)
  An acid dragon skeleton (Crypt:1)
  9 gnolls
  10 adders
  A shadow imp (D:6)
  2 white imps
  An iguana zombie (Crypt:3)
  2 worms
  79 orcs
  6 endoplasms
  4 giant cockroaches
  5 goblins
  5 hobgoblins
  4 jackals
  14 kobolds
  3 quokkas
  9 ball pythons
  10 bats
  6 frilled lizards
  5 rats
  A rat zombie (Crypt:1)
  A river rat skeleton (Crypt:3)
2360 creatures vanquished.

Vanquished Creatures (others)
  3 orc wizards (Orc:2)
  24 demonic plants (Gauntlet)
  70 fulminant prisms
  28 fungi
  77 plants
  2 starspawn tentacles (WizLab)
  4 tentacles (Shoals:4)
208 creatures vanquished.

Grand Total: 2568 creatures vanquished

Notes
Turn   | Place    | Note
-------+----------+-------------------------------------------
     0 | D:1      | freelancePsychic the Demonspawn Conjurer began the quest
                  | for the Orb.
     0 | D:1      | Reached XP level 1. HP: 13/13 MP: 3/3
   394 | D:1      | Gained mutation: You regenerate a little health from kills.
                  | [demonic ancestry]
   394 | D:1      | Reached XP level 2. HP: 19/19 MP: 3/5
   741 | D:1      | Learned a level 2 spell: Searing Ray
  1347 | D:2      | Reached XP level 3. HP: 24/24 MP: 1/7
  2270 | D:2      | Gained mutation: Your demonic aura sometimes causes spilled
                  | blood to erupt in flames. [demonic ancestry]
  2270 | D:2      | Reached XP level 4. HP: 29/31 MP: 4/8
  3303 | D:3      | Reached skill level 1 in Fighting
  3833 | D:4      | Reached skill level 1 in Translocations
  3833 | D:4      | Gained mutation: You are partially covered in thin metallic
                  | scales. (AC +2) [demonic ancestry]
  3833 | D:4      | Reached XP level 5. HP: 37/37 MP: 3/9
  4316 | D:4      | Found a staircase to the Ecumenical Temple.
  4320 | D:4      | Found a runed translucent gate.
  4320 | D:4      | Found a runed translucent gate.
  4322 | D:4      | Found a runed translucent gate.
  4324 | D:4      | Noticed bande's ghost (amateur GrFi)
  4325 | D:4      | Noticed a yak
  4356 | Temple   | Entered the Ecumenical Temple
  4541 | Temple   | Became a worshipper of Ru the Awakened
  4682 | D:4      | Noticed an ogre
  4766 | D:4      | Reached XP level 6. HP: 25/44 MP: 3/10
  5038 | D:5      | Entered Level 5 of the Dungeon
  5114 | D:5      | Learned a level 4 spell: Iskenderun's Mystic Blast
  5287 | D:5      | Reached skill level 5 in Conjurations
  5357 | D:5      | Gained mutation: Your touch may inflict minor irresistible
                  | damage on your foes. [demonic ancestry]
  5357 | D:5      | Reached XP level 7. HP: 49/52 MP: 2/11
  6098 | D:5      | Gained mutation: You are mostly covered in thin metallic
                  | scales. (AC +3) [demonic ancestry]
  6098 | D:5      | Reached XP level 8. HP: 55/61 MP: 6/12
  7294 | D:6      | Reached skill level 5 in Fighting
  8086 | D:7      | Reached skill level 5 in Translocations
  8832 | D:7      | Gained mutation: Your touch may inflict irresistible damage
                  | on your foes. [demonic ancestry]
  8832 | D:7      | Reached XP level 9. HP: 71/71 MP: 4/13
  8980 | D:7      | Found a runed translucent gate.
  8980 | D:7      | Found a runed translucent gate.
  8981 | D:7      | Found a runed translucent gate.
  8985 | D:7      | Noticed soul19's ghost (novice DsFi)
  9086 | D:7      | Found Voelewae's General Store.
  9089 | D:7      | Found Joorphauh's Specific Store.
  9094 | D:7      | Bought a scroll of teleportation for 36 gold pieces
  9094 | D:7      | Bought a potion of curing for 36 gold pieces
  9098 | D:7      | Bought a potion of ambrosia for 96 gold pieces
  9170 | D:7      | Reached skill level 1 in Hexes
  9522 | D:7      | Found a shadowy altar of Dithmenos.
  9910 | D:8      | Paralysed by a hornet for 3 turns
 10098 | D:8      | Reached skill level 1 in Short Blades
 10253 | D:8      | Noticed Pikel
 10263 | D:8      | Killed Pikel
 10267 | D:8      | Gained mutation: You regenerate health from kills. [demonic
                  | ancestry]
 10267 | D:8      | Reached XP level 10. HP: 73/80 MP: 10/14
 10278 | D:8      | Noticed Maurice
 10293 | D:8      | Paralysed by Maurice for 5 turns
 10305 | D:8      | Killed Maurice
 10367 | D:8      | Noticed Grum
 10405 | D:8      | Killed Grum
 10630 | D:8      | Noticed Erica
 10698 | D:7      | Learned a level 4 spell: Fulminant Prism
 11740 | D:9      | Found Poena's Changing Room.
 11777 | D:9      | Found a radiant altar of Vehumet.
 11786 | D:9      | Fell from the grace of Ru
 11786 | D:9      | Became a worshipper of Vehumet
 11815 | D:9      | Reached skill level 5 in Hexes
 11959 | D:9      | Reached skill level 1 in Shields
 12201 | D:9      | Noticed a two-headed ogre
 12231 | D:9      | Killed a two-headed ogre
 12232 | D:9      | Reached skill level 10 in Conjurations
 12244 | D:9      | Reached * piety under Vehumet
 12244 | D:9      | Offered knowledge of Foxfire by Vehumet.
 12678 | D:9      | Found a staircase to the Orcish Mines.
 12700 | D:9      | Reached XP level 11. HP: 89/89 MP: 7/15
 12920 | D:9      | Found a staircase to the Lair.
 13312 | D:10     | Entered Level 10 of the Dungeon
 13611 | D:10     | Found a broken altar of Ashenzari.
 13683 | D:10     | Reached ** piety under Vehumet
 13756 | D:10     | Offered knowledge of Shock by Vehumet.
 13898 | D:10     | Noticed a centaur warrior
 13906 | D:10     | Noticed a tengu warrior
 14032 | D:10     | Killed a tengu warrior
 14033 | D:10     | Reached skill level 1 in Transmutations
 14099 | D:10     | Noticed a green ugly thing
 14154 | Lair:1   | Entered Level 1 of the Lair of Beasts
 14198 | Lair:1   | Reached skill level 10 in Fighting
 14352 | D:9      | Bought a book of Alchemy for 364 gold pieces
 14358 | D:9      | Learned a level 5 spell: Irradiate
 15000 | Lair:1   | Found a broken altar of Ashenzari.
 15058 | Lair:1   | Offered knowledge of Scorch by Vehumet.
 15324 | Lair:1   | Reached skill level 5 in Transmutations
 15978 | Lair:2   | Identified 2 scrolls of acquirement
 15979 | Lair:2   | Acquired the ring of the Cast Vote {rC+++ rCorr Str-2
                  | Slay+2}
 15983 | Lair:2   | Acquired 714 gold pieces
 16036 | Lair:2   | Gained mutation: You regenerate a lot of health from kills.
                  | [demonic ancestry]
 16036 | Lair:2   | Reached XP level 12. HP: 69/100 MP: 14/18
 16123 | Lair:2   | Found a staircase to the Shoals.
 16148 | Lair:2   | Reached *** piety under Vehumet
 16341 | Lair:2   | Found a hole to the Spider Nest.
 16481 | Lair:2   | Noticed a boulder beetle
 16504 | Lair:2   | Killed a boulder beetle
 17137 | Lair:3   | Offered knowledge of Inner Flame by Vehumet.
 17674 | Lair:3   | Reached **** piety under Vehumet
 18170 | Lair:4   | Reached skill level 5 in Spellcasting
 18174 | Lair:4   | Offered knowledge of Lightning Bolt by Vehumet.
 18530 | Lair:4   | Gained mutation: Your touch may irresistibly damage your
                  | foes and sap their willpower. [demonic ancestry]
 18530 | Lair:4   | Reached XP level 13. HP: 37/108 MP: 21/21
 18691 | Lair:4   | Found a viscous altar of Jiyva.
 18731 | Lair:4   | You fall into a shaft and drop 1 floor!
 18731 | Lair:5   | Entered Level 5 of the Lair of Beasts
 18930 | Lair:5   | Reached ***** piety under Vehumet
 18931 | Lair:5   | Reached skill level 5 in Dodging
 18944 | Lair:5   | Offered knowledge of Spellforged Servitor by Vehumet.
 19663 | Lair:5   | Noticed a dire elephant
 19882 | Lair:4   | Found a radiant altar of Vehumet.
 20059 | Lair:4   | Found a staircase to the Slime Pits.
 20229 | Lair:5   | Reached XP level 14. HP: 105/115 MP: 20/26
 20327 | Lair:5   | Identified the +10 sling "Soagrit" {heavy, rC+ rCorr Dex+4
                  | SInv}
 20380 | Lair:5   | Identified the ring "Viskurr" {rElec rPois rC+}
 22435 | D:12     | Found a gate leading to a gauntlet.
 22440 | Gauntlet | Entered a Gauntlet
 22440 | Gauntlet | Found a transporter.
 22448 | Gauntlet | Found a transporter.
 22450 | Gauntlet | Found a transporter.
 22463 | Gauntlet | Found a transporter.
 22472 | Gauntlet | Found a transporter.
 22474 | Gauntlet | Found a large runed translucent door.
 22475 | Gauntlet | Found a large runed translucent door.
 22476 | Gauntlet | Found a large runed translucent door.
 22476 | Gauntlet | Found a large runed translucent door.
 22476 | Gauntlet | Found a runed translucent door.
 22477 | Gauntlet | Found a transporter.
 22478 | Gauntlet | Found a runed translucent door.
 22479 | Gauntlet | Found a large runed translucent door.
 22479 | Gauntlet | Found a large runed translucent door.
 22480 | Gauntlet | Found a large runed translucent door.
 22481 | Gauntlet | Found a large runed translucent door.
 22487 | Gauntlet | Found a large runed translucent door.
 22487 | Gauntlet | Found a large runed translucent door.
 22488 | Gauntlet | Found a large runed translucent door.
 22488 | Gauntlet | Found a large runed translucent door.
 22489 | Gauntlet | Found a large runed translucent door.
 22489 | Gauntlet | Found a large runed translucent door.
 22490 | Gauntlet | Found a runed translucent gate.
 22490 | Gauntlet | Found a runed translucent gate.
 22490 | Gauntlet | Found a runed translucent gate.
 22492 | Gauntlet | Found a transporter.
 22502 | Gauntlet | Found a large runed translucent door.
 22503 | Gauntlet | Found a large runed translucent door.
 22508 | Gauntlet | Found a transporter.
 22523 | Gauntlet | Found a transporter.
 22535 | Gauntlet | Found a transporter.
 22547 | Gauntlet | Found a transporter.
 22559 | Gauntlet | Found a transporter.
 22576 | Gauntlet | Found a transporter.
 22594 | Gauntlet | Found a transporter.
 22596 | Gauntlet | Found a transporter.
 22623 | Gauntlet | Found a transporter.
 22701 | Gauntlet | Found a transporter.
 22721 | Gauntlet | Found a transporter.
 22765 | Gauntlet | a goliath frog changed into a quicksilver ooze
 22765 | Gauntlet | Noticed a quicksilver ooze (glowing shapeshifter)
 22767 | Gauntlet | a quicksilver ooze changed into an alligator
 22902 | Gauntlet | Identified the ring of Surprise {Will+ Str+4}
 22988 | Gauntlet | Noticed a quicksilver dragon
 22990 | Gauntlet | Identified the +2 pair of boots of a bazaar {Rampage Str-4
                  | Dex+6 Slay+3}
 23851 | D:13     | Identified the +2 battleaxe "Kiagegac" {pain, rPois rF-
                  | rC+++ Stlth-}
 23940 | D:13     | Identified the +1 ring mail of Hubris {rElec rF- Int+5
                  | Dex+2}
 24312 | D:13     | Offered knowledge of Iron Shot by Vehumet.
 24320 | D:13     | Learned a level 6 spell: Iron Shot
 24652 | D:14     | Reached skill level 1 in Earth Magic
 24680 | D:14     | Reached skill level 2 in Earth Magic
 24779 | D:14     | Identified the +2 rapier "Vopu" {heavy, rPois Int+3}
 24963 | D:14     | Found a gate to the Vaults.
 24963 | D:14     | Noticed Urug
 24983 | D:14     | Killed Urug
 24984 | D:14     | Reached skill level 3 in Earth Magic
 24995 | D:14     | Reached skill level 15 in Conjurations
 25033 | D:14     | Reached skill level 4 in Earth Magic
 25280 | D:15     | Entered Level 15 of the Dungeon
 25388 | D:15     | Found Xogoint's Magic Scroll Boutique.
 25444 | D:15     | Reached skill level 5 in Earth Magic
 25588 | D:15     | Bought a scroll of enchant armour for 105 gold pieces
 25588 | D:15     | Bought a scroll of teleportation for 42 gold pieces
 25588 | D:15     | Bought a scroll of fog for 56 gold pieces
 25588 | D:15     | Bought a scroll of poison for 56 gold pieces
 25588 | D:15     | Bought a scroll of immolation for 56 gold pieces
 26041 | D:15     | Found a hide-covered altar of Uskayaw.
 26068 | D:15     | Noticed a brown very ugly thing
 26073 | D:15     | Reached XP level 15. HP: 120/120 MP: 21/27
 26095 | D:15     | Reached skill level 6 in Earth Magic
 26178 | D:15     | Reached skill level 10 in Dodging
 26280 | D:15     | Found a staircase to the Depths.
 26634 | Orc:1    | Entered Level 1 of the Orcish Mines
 26768 | Orc:1    | Noticed Erolcha
 26772 | Orc:1    | Killed Erolcha
 26859 | Orc:2    | Entered Level 2 of the Orcish Mines
 26869 | Orc:2    | Reached skill level 7 in Earth Magic
 26900 | Orc:2    | Found Qyug's Mass Market.
 26960 | Orc:2    | Found a staircase to the Elven Halls.
 27059 | Orc:2    | Offered knowledge of Arcjolt by Vehumet.
 27156 | Orc:2    | Found Dickyux Yser's Armour Shoppe.
 27156 | Orc:2    | Found Qaomif's Assorted Antiques.
 27157 | Orc:2    | Found Enewox's Assorted Antiques.
 27161 | Orc:2    | Found Kaczel's Antique Armour Shoppe.
 27165 | Orc:2    | Bought a scroll of enchant armour for 240 gold pieces
 27170 | Orc:2    | Bought a scroll of acquirement for 1092 gold pieces
 27170 | Orc:2    | Bought a scroll of enchant armour for 157 gold pieces
 27170 | Orc:2    | Acquired a +1 tower shield of protection
 27205 | Orc:2    | Noticed Jorgrun
 27224 | Orc:2    | Killed Jorgrun
 27225 | Orc:2    | Reached skill level 8 in Earth Magic
 27365 | Orc:2    | Found Ulosaox's Book Shop.
 27698 | Orc:2    | Bought a book of Sloth for 360 gold pieces
 27705 | Orc:2    | Learned a level 6 spell: Statue Form
 27736 | Elf:1    | Entered Level 1 of the Elven Halls
 27931 | Elf:1    | Reached skill level 9 in Earth Magic
 28078 | Elf:1    | Got the Octavo of Concussion
 28130 | Elf:1    | Found Ohuga's Assorted Antiques.
 28140 | Elf:1    | Bought a bubbling sapphire potion for 18 gold pieces
 28140 | Elf:1    | Bought a scroll of magic mapping for 157 gold pieces
 28140 | Elf:1    | Bought a potion of curing for 63 gold pieces
 28140 | Elf:1    | Bought a bubbling sapphire potion for 18 gold pieces
 28241 | Elf:1    | Found a shimmering blue altar of Sif Muna.
 28328 | Elf:1    | Found Aqaos's Jewellery Emporium.
 28329 | Elf:1    | Found Gaehin's Book Shop.
 28329 | Elf:1    | Found Ogoisuda's Book Shop.
 28389 | Elf:1    | Offered knowledge of Fireball by Vehumet.
 29275 | Elf:2    | Found a runed translucent gate.
 29305 | Elf:2    | Reached skill level 10 in Earth Magic
 29452 | Elf:2    | Gained mutation: Your demonic aura often causes spilled
                  | blood to erupt in flames. [demonic ancestry]
 29452 | Elf:2    | Reached XP level 16. HP: 129/129 MP: 22/28
 29642 | Elf:2    | Found a runed translucent gate.
 29642 | Elf:2    | Found a runed translucent gate.
 29870 | Elf:3    | Entered Level 3 of the Elven Halls
 30083 | Elf:3    | Noticed an Executioner
 30344 | Shoals:1 | Entered Level 1 of the Shoals
 30344 | Shoals:1 | Noticed Josephine
 30400 | Shoals:1 | Killed Josephine
 30401 | Shoals:1 | Reached skill level 1 in Poison Magic
 30998 | Shoals:1 | Reached skill level 5 in Poison Magic
 31637 | Shoals:2 | Learned a level 4 spell: Olgreb's Toxic Radiance
 31642 | Shoals:2 | Learned a level 3 spell: Ignite Poison
 31779 | Shoals:2 | Reached ****** piety under Vehumet
 31892 | Shoals:2 | Reached skill level 1 in Fire Magic
 31963 | Shoals:2 | Offered knowledge of Yara's Violent Unravelling by Vehumet.
 32505 | Shoals:3 | Found Egoihoahing's Assorted Antiques.
 32776 | Shoals:3 | Reached XP level 17. HP: 108/140 MP: 13/29
 33205 | Shoals:3 | Found a runed translucent gate.
 33205 | Shoals:3 | Found a runed translucent gate.
 33205 | Shoals:3 | Found a runed translucent gate.
 33209 | Shoals:3 | Noticed Crabhammer's ghost (adept BaIE)
 33710 | Shoals:3 | Identified the +1 pair of boots of the Ego {MP+9 Dex+2}
 33711 | Shoals:3 | Identified the ring "Noafreri" {Fly Str+6}
 33818 | Lair:2   | Reached skill level 15 in Fighting
 33845 | Spider:1 | Entered Level 1 of the Spider Nest
 33894 | Spider:1 | Reached skill level 1 in Armour
 34017 | Spider:1 | Offered knowledge of Freezing Cloud by Vehumet.
 34076 | Spider:1 | Reached skill level 11 in Earth Magic
 35001 | Spider:2 | Noticed Asterion
 35009 | Spider:2 | Killed Asterion
 35298 | Spider:2 | Reached skill level 5 in Armour
 35376 | Spider:2 | Reached skill level 12 in Earth Magic
 35809 | Spider:3 | Offered knowledge of Ozocubu's Refrigeration by Vehumet.
 35827 | Spider:3 | Noticed Azrael
 35891 | Spider:3 | Killed Azrael
 35938 | Spider:3 | Acquired a book of Dangerous Friends
 36138 | Spider:3 | Identified the amulet "Oheg" {Acrobat Rampage rCorr}
 36140 | Spider:3 | Noticed Aizul
 36158 | Spider:3 | Killed Aizul
 36235 | Spider:3 | Reached skill level 1 in Evocations
 36236 | Spider:3 | Gained mutation: Your hexes are more powerful. [demonic
                  | ancestry]
 36236 | Spider:3 | Reached XP level 18. HP: 149/149 MP: 23/31
 36486 | Spider:4 | Entered Level 4 of the Spider Nest
 36730 | Spider:4 | Reached skill level 13 in Earth Magic
 37741 | Shoals:3 | Offered knowledge of Lehudib's Crystal Spear by Vehumet.
 37741 | Shoals:3 | Offered knowledge of Fire Storm by Vehumet.
 37741 | Shoals:3 | Offered knowledge of Shatter by Vehumet.
 37744 | Shoals:3 | Learned a level 1 spell: Foxfire
 37751 | Shoals:4 | Entered Level 4 of the Shoals
 37856 | Shoals:4 | Reached skill level 5 in Evocations
 37879 | Shoals:4 | Identified the ring "Daomised" {rCorr EV+5}
 37902 | Shoals:4 | Reached skill level 14 in Earth Magic
 37960 | Shoals:4 | Reached skill level 15 in Earth Magic
 38454 | Shoals:4 | Got a barnacled rune of Zot
 38550 | Shoals:4 | Found the +2 hat of the Bear Spirit {Spirit, *Rage Will++}
 38553 | Shoals:4 | Identified the +5 chain mail of Creativity {Str+3 SInv}
 38941 | Spider:4 | Noticed Mara
 38957 | Spider:4 | Noticed freelancePsychic's illusion
 39157 | Vaults:1 | Entered Level 1 of the Vaults
 39216 | Vaults:1 | Noticed Donald
 39226 | Vaults:1 | Killed Donald
 39235 | Vaults:1 | Found a magical portal.
 39245 | WizLab   | Entered Alistair's Party Mansion
 39503 | WizLab   | Reached XP level 19. HP: 155/155 MP: 25/32
 39637 | WizLab   | Reached skill level 16 in Earth Magic
 39687 | WizLab   | HP: 4/149 [poisoned by a nagaraja (bolt of poison)]
 39813 | WizLab   | Acquired 1187 gold pieces
 40237 | Elf:1    | Bought a manual of Earth Magic for 1200 gold pieces
 40750 | Vaults:1 | Reached skill level 17 in Earth Magic
 40875 | Vaults:1 | Got Ytel Rorass's Tractate on Nausea and Algor
 40971 | Vaults:1 | Reached skill level 18 in Earth Magic
 41826 | Vaults:1 | Identified the +6 dagger of Vyqis {holy, rPois Str+6 Dex+3}
 41940 | Vaults:2 | Reached skill level 19 in Earth Magic
 42420 | Vaults:2 | Noticed Nikola
 42449 | Vaults:2 | Reached skill level 20 in Earth Magic
 42454 | Vaults:2 | Gained mutation: Your melee attacks may debilitate your
                  | foes. [demonic ancestry]
 42454 | Vaults:2 | Reached XP level 20. HP: 162/162 MP: 12/33
 42562 | Vaults:2 | Noticed Margery
 42667 | Vaults:1 | Killed Margery
 42751 | Vaults:1 | Learned a level 9 spell: Shatter
 42759 | Vaults:2 | Killed Nikola
 43243 | Vaults:2 | Found a staircase to the Crypt.
 43440 | Vaults:3 | Reached skill level 21 in Earth Magic
 43564 | Vaults:3 | Reached skill level 5 in Shields
 44828 | Vaults:4 | Identified the +4 spear "Holun" {flame, rPois}
 44920 | Vaults:4 | Found Ehois's Weapon Shoppe.
 46078 | Shoals:3 | Bought an ancient buckler for 351 gold pieces
 46078 | Shoals:3 | Identified the +2 buckler of the Catamount {rC+ rN+} (You
                  | bought it in a shop on level 3 of the Shoals)
 46078 | Shoals:3 | Bought a potion of heal wounds for 185 gold pieces
 46317 | Depths:1 | Entered Level 1 of the Depths
 46368 | Depths:1 | Reached skill level 22 in Earth Magic
 46473 | Depths:1 | Gained mutation: Your demonic aura causes all spilled blood
                  | to erupt in flames. [demonic ancestry]
 46473 | Depths:1 | Reached XP level 21. HP: 168/168 MP: 34/34
 46556 | Depths:1 | Found a gateway to Hell.
 46971 | Depths:1 | Found a one-way gate to the infinite horrors of the Abyss.
 46981 | Depths:1 | Reached skill level 23 in Earth Magic
 47474 | Depths:2 | Noticed a caustic shrike
 47484 | Depths:2 | Noticed a caustic shrike
 47489 | Depths:2 | Killed a caustic shrike
 47489 | Depths:2 | Noticed a caustic shrike
 47493 | Depths:2 | Killed a caustic shrike
 47498 | Depths:2 | Noticed a caustic shrike
 47697 | Depths:2 | Identified the +1 robe of Defiance {rElec rF+}
 47870 | Depths:2 | Found a radiant altar of Vehumet.
 47979 | Depths:2 | Reached skill level 24 in Earth Magic
 48047 | Depths:2 | Noticed Vv
 48217 | Depths:2 | Killed Vv
 48567 | Depths:2 | Noticed a caustic shrike
 48574 | Depths:2 | Killed a caustic shrike
 48576 | Depths:2 | Killed a caustic shrike
 48577 | Depths:2 | Killed a caustic shrike
 48635 | Depths:2 | Found a one-way gate leading to the halls of Pandemonium.
 48687 | Depths:2 | Found a one-way gateway to a ziggurat.
 49079 | Elf:1    | Bought a manual of Evocations for 1200 gold pieces
 49359 | Vaults:5 | Entered Level 5 of the Vaults
 49359 | Vaults:5 | Noticed a golden dragon
 49360 | Vaults:5 | Noticed a golden dragon
 49362 | Vaults:5 | Reached XP level 22. HP: 175/175 MP: 35/35
 49366 | Vaults:5 | Killed a golden dragon
 49367 | Vaults:5 | Killed a golden dragon
 49378 | Vaults:5 | Reached skill level 10 in Spellcasting
 49394 | Vaults:5 | Reached skill level 10 in Evocations
 49409 | Vaults:5 | Noticed a dread lich
 49411 | Vaults:5 | Killed a dread lich
 49413 | Vaults:5 | Noticed a dread lich
 49461 | Vaults:5 | Killed a dread lich
 49587 | Vaults:5 | Reached skill level 1 in Staves
 49653 | Vaults:5 | Noticed a golden dragon
 49745 | Vaults:5 | Killed a golden dragon
 49947 | Vaults:5 | Identified the +11 falchion "Beast's Foe" {heavy, rElec
                  | rPois Will+++ Dex-2}
 49947 | Vaults:5 | Identified the +7 hand axe of Budaas {protect, rPois Dex+2}
 50177 | Vaults:5 | Identified the +0 ring mail of the Riding Gods {Will+}
 50186 | Vaults:5 | Identified the +0 robe of Fyujaest {Harm rElec Dex+5
                  | Stlth-}
 50231 | Vaults:5 | Identified the +1 leather armour of Limited Liability {Harm
                  | *Corrode rPois Regen+}
 50231 | Vaults:5 | Identified the ring "Felob" {rF+ Int+3 Dex+4}
 50262 | Vaults:5 | Identified the +6 halberd of the Depths {drain, rC+ rN+
                  | Dex+3}
 50320 | Vaults:5 | Got a silver rune of Zot
 50336 | Vaults:5 | Identified the +11 shortbow of Zuphac {flame, Stlth+}
 50447 | Vaults:5 | Identified the +8 war axe "Thing" {distort, rElec}
 50558 | Vaults:5 | Got Xypreqex's Papyrus of the Figure and the Hornet
 50569 | Vaults:5 | Got Doynae's Writings on Harmful Scree
 50892 | Crypt:1  | Entered Level 1 of the Crypt
 50959 | Crypt:1  | Gained mutation: You are completely covered in thin
                  | metallic scales. (AC +4, rElec) [demonic ancestry]
 50959 | Crypt:1  | Reached XP level 23. HP: 186/186 MP: 28/38
 51196 | Crypt:1  | Identified the amulet "Xiossadue" {Faith Int-5 Slay+4}
 51270 | Crypt:1  | Acquired 546 gold pieces
 52401 | Crypt:2  | Paralysed by a vampire knight for 3 turns
 53010 | Crypt:3  | Entered Level 3 of the Crypt
 53361 | Crypt:3  | Found a staircase to the Tomb.
 53714 | Crypt:3  | Reached XP level 24. HP: 199/199 MP: 35/40
 54174 | Crypt:3  | Identified the ring "Zuytt" {Ice rPois}
 55028 | Orc:2    | Bought a potion of haste for 210 gold pieces
 55455 | Depths:3 | Identified the ring "Quehoxo" {rF+ Will+ Int+8}
 56095 | Depths:4 | Entered Level 4 of the Depths
 56288 | Depths:4 | Reached skill level 5 in Staves
 56293 | Depths:4 | Reached skill level 15 in Dodging
 56358 | Depths:4 | Noticed a juggernaut
 56359 | Depths:4 | Noticed Saint Roka
 56362 | Depths:4 | Killed Saint Roka
 56363 | Depths:4 | Killed a juggernaut
 56421 | Depths:4 | Identified the +9 flail "Roesy" {holy, Str+4 Int+2}
 56744 | Depths:4 | Found a gate to the Realm of Zot.
 57073 | Depths:4 | Found a corrupted altar of Lugonu.
 58054 | Spider:4 | Killed Mara
 58055 | Spider:4 | Reached skill level 15 in Spellcasting
 58166 | Spider:4 | Got a gossamer rune of Zot
 58621 | Zot:1    | Entered Level 1 of the Realm of Zot
 58627 | Zot:1    | Noticed an orb of fire
 58632 | Zot:1    | Killed an orb of fire
 58633 | Zot:1    | Noticed an orb of fire
 58717 | Zot:1    | Gained mutation: You are surrounded by an aura of silence.
                  | [demonic ancestry]
 58717 | Zot:1    | Reached XP level 25. HP: 69/210 MP: 40/42
 58717 | Zot:1    | Gained mutation: You are clumsy. (Dex -2) [an orb of fire]
 59974 | Zot:1    | Reached skill level 10 in Shields
 60282 | Zot:1    | Found the +4 dragonskin cloak
 60282 | Zot:1    | Noticed Tiamat
 60370 | Zot:1    | You fall into a shaft and drop 1 floor!
 60494 | Zot:1    | Killed Tiamat
 60554 | Zot:1    | Reached XP level 26. HP: 218/218 MP: 42/42
 60578 | Zot:1    | Gained mutation: You occasionally shout uncontrollably at
                  | your foes. [an orb of fire]
 60580 | Zot:1    | Killed an orb of fire
 60626 | Zot:1    | Noticed Zaets's ghost (veteran SpEn)
 60638 | Zot:1    | Found a runed translucent gate.
 60638 | Zot:1    | Found a runed translucent gate.
 60638 | Zot:1    | Found a runed translucent gate.
 60836 | Zot:1    | Acquired 571 gold pieces
 63732 | Zot:5    | Entered Level 5 of the Realm of Zot
 63982 | Zot:5    | Reached XP level 27. HP: 196/228 MP: 4/43
 64404 | Zot:5    | Noticed an ancient lich
 64405 | Zot:5    | Noticed an orb of fire
 64405 | Zot:5    | Noticed an orb of fire
 64405 | Zot:5    | Noticed an ancient lich
 64407 | Zot:5    | Killed an ancient lich
 64407 | Zot:5    | Killed an ancient lich
 64409 | Zot:5    | Killed an orb of fire
 64411 | Zot:5    | Killed an orb of fire
 64422 | Zot:5    | Noticed an orb of fire
 64422 | Zot:5    | Noticed an ancient lich
 64423 | Zot:5    | Gained mutation: You are occasionally teleported next to
                  | monsters. [an orb of fire]
 64424 | Zot:5    | Killed an ancient lich
 64426 | Zot:5    | Noticed an ancient lich
 64427 | Zot:5    | Gained mutation: Armour fits poorly on your strangely
                  | shaped body. [an orb of fire]
 64429 | Zot:5    | Killed an ancient lich
 64430 | Zot:5    | Killed an orb of fire
 64444 | Zot:5    | Reached skill level 15 in Shields
 64461 | Zot:5    | Noticed a dread lich
 64463 | Zot:5    | Noticed an orb of fire
 64467 | Zot:5    | Killed an orb of fire
 64468 | Zot:5    | Killed a dread lich
 64474 | Zot:5    | Noticed a dread lich
 64478 | Zot:5    | Killed a dread lich
 64479 | Zot:5    | Noticed a dread lich
 64485 | Zot:5    | Killed a dread lich
 64489 | Zot:5    | Noticed an orb of fire
 64495 | Zot:5    | Killed an orb of fire
 64500 | Zot:5    | Noticed an ancient lich
 64503 | Zot:5    | Killed an ancient lich
 64516 | Zot:5    | Noticed a dread lich
 64518 | Zot:5    | Killed a dread lich
 64522 | Zot:5    | Noticed a dread lich
 64526 | Zot:5    | Killed a dread lich
 65006 | Zot:5    | Lost mutation: You occasionally shout uncontrollably at
                  | your foes. [potion of mutation]
 65006 | Zot:5    | Lost mutation: Armour fits poorly on your strangely shaped
                  | body. [potion of mutation]
 65006 | Zot:5    | Lost mutation: You are clumsy. (Dex -2) [potion of
                  | mutation]
 65006 | Zot:5    | Gained mutation: You are weak. (Str -2) [potion of
                  | mutation]
 65006 | Zot:5    | Gained mutation: You have a somewhat thin skeletal
                  | structure. (Dex +2, Stealth+) [potion of mutation]
 65006 | Zot:5    | Gained mutation: Your flesh is heat resistant. (rF+)
                  | [potion of mutation]
 65006 | Zot:5    | Gained mutation: You possess an exceptional clarity of
                  | mind. [potion of mutation]
 65007 | Zot:5    | Lost mutation: You have a somewhat thin skeletal structure.
                  | (Dex +2, Stealth+) [potion of mutation]
 65007 | Zot:5    | Lost mutation: You possess an exceptional clarity of mind.
                  | [potion of mutation]
 65007 | Zot:5    | Gained mutation: You are somewhat resistant to further
                  | mutation. [potion of mutation]
 65008 | Zot:5    | Lost mutation: You are weak. (Str -2) [potion of mutation]
 65008 | Zot:5    | Lost mutation: Your flesh is heat resistant. (rF+) [potion
                  | of mutation]
 65008 | Zot:5    | Lost mutation: You are somewhat resistant to further
                  | mutation. [potion of mutation]
 65008 | Zot:5    | Gained mutation: You occasionally shout uncontrollably at
                  | your foes. [potion of mutation]
 65008 | Zot:5    | Gained mutation: You expend magic power (3 MP) to
                  | strengthen your wands. [potion of mutation]
 65009 | Zot:5    | Lost mutation: You are occasionally teleported next to
                  | monsters. [potion of mutation]
 65009 | Zot:5    | Lost mutation: You expend magic power (3 MP) to strengthen
                  | your wands. [potion of mutation]
 65009 | Zot:5    | Gained mutation: Your flesh is cold resistant. (rC+)
                  | [potion of mutation]
 65009 | Zot:5    | Gained mutation: You have sharp toenails. [potion of
                  | mutation]
 65039 | Zot:5    | Got the Orb of Zot
 65501 | D:$      | Escaped with the Orb!

Illustrated notes

Levels and vault maps discovered:
D:1:      onia_arrival_handbag, layout_loops_ring
D:2:      kennysheep_six_static_rooms, layout_basic, basic_altar
D:3:      layout_loops_corners, zin_scriptorium
D:4:      layout_rooms, minmay_temple_entry_trees, gammafunk_ghost_split,
          kennysheep_donut, minmay_misc_feat_rugged,
          kennysheep_opposing_triangles
D:5:      layout_rooms, serial_co_window_serial, co_window_paths_b,
          co_window_corner_a, co_window_paths_a, co_window_of_opportunity_a,
          co_window_cross_1, co_window_of_opportunity_a, co_window_paths_a,
          co_window_corner_a, co_window_paths_a, co_window_cross_2,
          co_window_cross_2, co_window_broadway_a
D:6:      layout_cave_pods
D:7:      layout_loops_ring, lemuel_coloured_pillars_altar,
          gammafunk_ghost_nasty_kobolds, nicolae_specific_store,
          kennysheep_cross_room
D:8:      layout_basic, uniq_pikel, uniq_grum, uniq_maurice, uniq_erica
D:9:      layout_irregular_city, mainiacjoe_overflow_small_starburst,
          hellmonk_lair_entry_icy, david_orc_5, nicolae_transmutations_shop
D:10:     layout_small_grid, mainiacjoe_overflow_alcove_4, minmay_diamond_spiral
D:11:     layout_grid_maze, solitary_fountain,
          hangedman_abyss_or_decor_lesser_grid
D:12:     layout_basic, gauntlet_entry_generic
D:13:     layout_cave_pods
D:14:     layout_loops_cross, david_vaults_3, minmay_misc_feat_doors
D:15:     gammafunk_enter_depths_forms, layout_loops_corners,
          nicolae_uskayaw_suspiria, serial_shops, shop_statue
Temple:   regret_index_temple_mists
Lair:1:   layout_cellular_growth, basic_altar, grunt_megastairs_3,
          serial_bayou_shore_b
Lair:2:   layout_roguey, shoals_dummy_entry, nicolae_spider_entry_non_spiders
Lair:3:   layout_regular_city, lemuel_fruit_tree, grunt_megastairs_5
Lair:4:   layout_hall_layers, slime_entry_1, basic_altar
Lair:5:   grunt_lair_end_beastmaster, layout_cellular_growth,
          infiniplex_staircase_pool_2
Shoals:1: nicolae_shoals_aurelia_aurita, layout_shoals,
          nicolae_shoals_nymph_descending_staircase, uniq_josephine
Shoals:2: layout_shoals
Shoals:3: layout_shoals, gammafunk_ghost_tricky_traps, serial_shops,
          nicolae_shop_waterfront
Shoals:4: shoals_end_grunt_ice, layout_shoals
Spider:1: layout_spider_delve
Spider:2: layout_spider_delve, uniq_asterion
Spider:3: layout_spider_delve, hellmonk_narrow_tunnel,
          nicolae_spider_cling_halls, uniq_aizul, uniq_azrael
Spider:4: spider_rune_water, uniq_mara
Orc:1:    layout_diamond_mine, uniq_erolcha
Orc:2:    st_orc_mages, layout_caves, serial_shops, nicolae_shop_trees,
          minmay_shop_mass, uniq_jorgrun
Elf:1:    layout_geoelf_octagon, serial_shops, shop, basic_altar,
          minmay_elf_annihilation, minmay_shop_grove
Elf:2:    nicolae_elf_blades_crystal_corner, layout_loops_corners,
          nicolae_elf_glass_and_crystal_pillar_2
Elf:3:    grunt_elf_hall_spiral, layout_gridlike, serial_shops,
          nicolae_shop_waterfront, hex_medium, serial_sigils_hangedman_gnaw
Vaults:1: infiniplex_enter_wizlab_glasses, vaults_dpeg_doors,
          hangedman_vaults_stagger, nicolae_vaults_big_angled_halls,
          st_quartered_hall, nicolae_vaults_hallways_thing,
          nicolae_vaults_little_squares_3, vaults_room_corners,
          vaults_mumra_lcd, nicolae_vaults_theta, hangedman_vaults_restitches,
          dpeg_vaults_monster_box, layout_vaults_chaotic_city, uniq_donald
Vaults:2: v_misc_9, nicolae_vaults_twisting_passages, nicolae_vaults_asterisk,
          blue_anna_dwarven_crypt, vaults_dpeg_spiral, vaults_room_large_hall,
          ontoclasm_vaults_claustrophobia, ontoclasm_vaults_fault,
          hangedman_vaults_restitches, nicolae_vaults_windows_and_doors_thing,
          serial_ice_h, layout_vaults_big_cross, uniq_margery, uniq_nikola
Vaults:3: hangedman_vaults_stitches, vaults_dpeg_cross,
          hangedman_vaults_restitches, vaults_room_pool,
          nicolae_vaults_little_ls, v_misc_29, v_rooms_2,
          nicolae_vaults_border_crossing, layout_vaults_omnigrid
Vaults:4: grunt_vaults_hallway_long, vaults_room_fours,
          hangedman_vaults_variations, hangedman_vaults_corner_blocks,
          nicolae_vaults_circle_grid_b, nicolae_vaults_three_branches,
          nicolae_vaults_little_squares_6, nicolae_vaults_statue_guard,
          vaults_room_pools, layout_vaults_ring, serial_shops, shop
Vaults:5
Crypt:1:  cheibrodos_crypt_draghalla, layout_misc_corridors
Crypt:2:  layout_rooms, special_room [special_room_morgue]
Crypt:3:  due_elkab, layout_chaotic_city
Depths:1: layout_cave_pools, hell_entry, abyss_entry, st_stairs_12,
          hangedman_corner_corridor
Depths:2: grunt_deathspiral_small, layout_gridlike, enter_ziggurat_f, pan_entry,
          grunt_mini_vestibule, vehumet_crystals, kennysheep_generic_room_12,
          uniq_vv, uniq_grunn, uniq_josephina
Depths:3: hourglass_vault, layout_cave_shapes, hellmouth_1, pan_entry,
          abyss_entry, minmay_misc_feat_square, kennysheep_generic_room_15
Depths:4: evilmike_zot_entry_round, layout_gridlike, abyss_entry_flame_altar,
          hell_entry, nicolae_figureground_pulse, grunt_megastairs_4,
          uniq_saint_roka
Zot:1:    kennysheep_ambush_hall, layout_misc_corridors, gammafunk_ghost_split,
          uniq_tiamat
Zot:2:    layout_gridlike, zot_minivault_4
Zot:3:    layout_twisted_circle
Zot:4:    minmay_elemental_castle, layout_twisted_circle
Zot:5:    layout_gridlike, st_stairs_13, hangedman_zot_gyre

Skill      XL: |  1  2  3  4  5  6  7  8  9 10 11 12 13 14 15 16 17 18 19 20 21 22 23 24 25 26 27 |
---------------+----------------------------------------------------------------------------------+-----
Stealth        | 2 3 4 |  4.0
Spellcasting   | 3 4 5 8 9 11 13 15 16 18 | 18.7
Fighting       | 1 2 3 4 6 8 9 11 12 14 15 16 18 19 20 21 22 | 22.7
Translocations | 1 2 4 5 |  5.0
Conjurations   | 5 6 7 9 10 12 13 15 | 15.0
Hexes          | 4 6 |  6.0
Short Blades   | 2 3 |  3.3
Shields        | 3 4 7 8 11 13 15 | 15.0
Transmutations | 5 6 7 8 |  8.0
Dodging        | 3 7 9 11 12 14 15 | 15.0
Earth Magic    | 5 10 12 15 20 22 24 | 24.5
Poison Magic   | 7 8 |  8.8
Fire Magic     | 2 3 |  3.0
Armour         | 6 7 9 |  9.5
Evocations     | 1 5 6 11 | 11.1
Staves         | 3 6 |  6.4

Action                   |  1- 3 |  4- 6 |  7- 9 | 10-12 | 13-15 | 16-18 | 19-21 | 22-24 | 25-27 || total
-------------------------+-------+-------+-------+-------+-------+-------+-------+-------+-------++-------
Melee: Unarmed           |    13 |       |       |       |       |       |       |       |       ||    13
       Dagger            |       |    21 |   109 |   438 |   727 |       |       |       |       ||  1295
       Touch             |       |       |    18 |    14 |       |       |       |       |       ||    32
       Punch             |       |       |     1 |     1 |       |       |       |       |       ||     2
       Staff             |       |       |       |       |    36 |   229 |   207 |   269 |    60 ||   801
 Cast: Magic Dart        |    32 |       |       |       |       |       |       |       |       ||    32
       Searing Ray       |    24 |    36 |    33 |    34 |     4 |       |       |       |       ||   131
       Iskenderun's Myst |       |       |    18 |    82 |    89 |    14 |       |       |       ||   203
       Fulminant Prism   |       |       |       |    47 |    23 |       |       |       |       ||    70
       Irradiate         |       |       |       |    22 |    73 |    53 |    37 |    17 |    11 ||   213
       Iron Shot         |       |       |       |       |   110 |   419 |   345 |   151 |   190 ||  1215
       Olgreb's Toxic Ra |       |       |       |       |       |   123 |   100 |       |       ||   223
       Ignite Poison     |       |       |       |       |       |    80 |    61 |       |       ||   141
       Shatter           |       |       |       |       |       |       |    12 |   245 |   154 ||   411
Evoke: Wand              |       |       |    10 |     3 |       |       |     3 |       |       ||    16
       Lightning rod     |       |       |       |       |     4 |     4 |       |       |       ||     8
       Tin of tremorston |       |       |       |       |     2 |     2 |     2 |       |     2 ||     8
       Phial of floods   |       |       |       |       |     1 |       |       |       |       ||     1
       Condenser vane    |       |       |       |       |       |       |       |       |     1 ||     1
  Use: Potion            |     1 |       |       |       |     2 |     9 |     9 |     1 |    19 ||    41
       Scroll            |       |     3 |     6 |    13 |    15 |    16 |     8 |     4 |     9 ||    74
 Stab: Sleeping          |       |       |     3 |     4 |     9 |     2 |     1 |       |       ||    19
       Paralysed         |       |       |     1 |       |       |       |       |       |       ||     1
       Distracted        |       |       |       |     1 |     2 |     1 |       |       |       ||     4
       Petrified         |       |       |       |       |     4 |       |       |       |       ||     4
       Petrifying        |       |       |       |       |     1 |       |       |       |       ||     1
Armor: Robe              |    15 |     9 |    47 |   142 |    86 |       |       |       |       ||   299
       Troll leather arm |       |       |       |       |   286 |   330 |   251 |   321 |    84 ||  1272
Dodge: Dodged            |    28 |    28 |    96 |   255 |   648 |   570 |   433 |   447 |   105 ||  2610
Block: Buckler           |       |       |       |   100 |   245 |   243 |   199 |   219 |       ||  1006
       Kite shield       |       |       |       |       |       |       |       |    14 |    78 ||    92

Table legend: (Time is in decaauts)
 A = Elapsed time spent in this place.
 B = Non-inter-level travel time spent in this place.
 C = Inter-level travel time spent in this place.
 D = Time resting spent in this place.
 E = Time spent auto-exploring this place.
 F = Levels seen in this place.
 G = Mean time per level.
                   A        B        C        D        E       F      G
               +--------+--------+--------+--------+--------+-----+--------+
         Total |  66101 |  59089 |   7012 |   3003 |  44719 |  53 | 1247.2 |
       Dungeon |  20804 |  17941 |   2863 |    665 |  14398 |  15 | 1386.9 |
        Temple |    273 |    196 |     77 |      0 |    173 |   1 |  273.0 |
          Lair |   7141 |   6322 |    819 |    437 |   4386 |   5 | 1428.2 |
        Shoals |   4679 |   4378 |    301 |    128 |   3206 |   4 | 1169.8 |
   Spider Nest |   4532 |   4124 |    408 |    136 |   3167 |   4 | 1133.0 |
  Orcish Mines |   1274 |    978 |    296 |      0 |    687 |   2 |  637.0 |
   Elven Halls |   2661 |   2408 |    253 |     64 |   1977 |   3 |  887.0 |
        Vaults |   7758 |   6823 |    935 |    321 |   5153 |   5 | 1551.6 |
         Crypt |   3517 |   3369 |    148 |    278 |   2336 |   3 | 1172.3 |
        Depths |   5444 |   4846 |    598 |    207 |   3759 |   4 | 1361.0 |
           Zot |   6450 |   6142 |    308 |    761 |   4473 |   5 | 1290.0 |
        Wizlab |    815 |    815 |      0 |      3 |    575 |   1 |  815.0 |
      Gauntlet |    748 |    748 |      0 |      3 |    426 |   1 |  748.0 |
               +--------+--------+--------+--------+--------+-----+--------+

Top non-repeatable levels by time:
Vaults:1: 2187 daAuts
     D:5: 2028 daAuts
     D:9: 1941 daAuts
Depths:2: 1837 daAuts
   Zot:2: 1812 daAuts
  Lair:2: 1711 daAuts
  Lair:1: 1705 daAuts
    D:15: 1637 daAuts
Spider:4: 1597 daAuts
     D:8: 1561 daAuts
 Crypt:1: 1560 daAuts
     D:6: 1539 daAuts
Vaults:3: 1538 daAuts
    D:11: 1513 daAuts
     D:3: 1509 daAuts
